[Event "DVM U20w 2019"]
[Site "Braunschweig"]
[Date "2019.12.30"]
[Round "7"]
[White "Köhler, Inken"]
[Black "Bardorz, Jana"]
[Result "1/2-1/2"]
[ECO "C68"]
[WhiteElo "1998"]
[BlackElo "2054"]
[Annotator "NA"]
[PlyCount "117"]
[EventDate "2019.12.27"]
[EventType "team-tourn"]
[EventRounds "7"]
[EventCountry "GER"]
[SourceTitle "playchess.com"]
[Source "ChessBase"]
[SourceQuality "1"]
[WhiteTeam "TuRa Harksheide Norderstedt"]
[BlackTeam "SC Bavaria Regensburg"]
[TimeControl "40/5400+30:1800+30"]

1. e4 e5 2. Nf3 Nc6 3. Bb5 a6 4. Bxc6 dxc6 {[%emt 0:00:00] unterminated} 5. O-O {[%emt 0:00:00] unterminated} Bg4 6. h3 {[%emt 0:00:30] unterminated} Bh5 $11 7. d3 Bd6 8. Be3 Qe7 9. Nbd2 O-O-O 10. c3 Bc5 11. Bxc5 Qxc5 12. Qc2 f6 13. d4 Qe7 14. Rfe1 g5 15. Re3 Nh6 16. dxe5 g4 17. Nd4 fxe5 18. Nf5 Qf6 19. Nxh6 Qxh6 20. Nf1 Rhg8 21. h4 Rgf8 22. g3 Rf6 23. Rd1 Rfd6 24. Red3 Bg6 25. Rxd6 cxd6 26. Qe2 Bh5 27. Ne3 Qe6 28. b3 Bg6 29. Nc4 h5 30. Qe3 Kb8 31. Qg5 Rd7 32. Nb6 Re7 33. Qd2 Bxe4 34. c4 Bf3 35. Qxd6+ Qxd6 36. Rxd6 e4 37. c5 Kc7 38. Na8+ Kc8 39. Nb6+ Kc7 40. Nc4 Rd7 41. Rxd7+ Kxd7 42. Kf1 Ke6 43. Na5 Kd5 44. Nxb7 Kd4 45. b4 e3 46. fxe3+ Kxe3 47. Nd6 Bd5 48. a4 Kf3 49. Nf5 Be4 50. Nd6 Bd5 51. Nf5 Be4 52. Ng7 Kxg3 53. Nxh5+ Kxh4 54. Nf6 Bf3 55. Kg1 Kg5 56. Nd7 Kf5 57. Nb8 Ke5 58. Nxa6 Kd5 59. b5 {[%emt 0:00:06] normal} 1/2-1/2

[Event "DVM U20w 2019"]
[Site "Braunschweig"]
[Date "2019.12.30"]
[Round "7"]
[White "Sherif, Amina"]
[Black "Oberhofer, Marie"]
[Result "0-1"]
[ECO "B53"]
[WhiteElo "1945"]
[BlackElo "1700"]
[Annotator "NA"]
[PlyCount "26"]
[EventDate "2019.12.27"]
[EventType "team-tourn"]
[EventRounds "7"]
[EventCountry "GER"]
[SourceTitle "playchess.com"]
[Source "ChessBase"]
[SourceQuality "1"]
[WhiteTeam "TuRa Harksheide Norderstedt"]
[BlackTeam "SC Bavaria Regensburg"]
[TimeControl "40/5400+30:1800+30"]

1. e4 c5 2. Nf3 d6 3. d4 cxd4 4. Qxd4 {[%emt 0:00:10] unterminated} Nc6 $14 5. Bb5 Bd7 6. Bxc6 Bxc6 7. c4 Nf6 8. Nc3 e6 9. O-O Be7 10. b3 O-O 11. Bb2 Nd7 12. Rad1 e5 13. Qe3 f5 {[%emt 0:05:35] normal} 0-1

[Event "DVM U20w 2019"]
[Site "Braunschweig"]
[Date "2019.12.30"]
[Round "7"]
[White "Bashylina, Luisa"]
[Black "Peglau, Sarah"]
[Result "1/2-1/2"]
[ECO "B12"]
[WhiteElo "1935"]
[BlackElo "1760"]
[Annotator "NA"]
[PlyCount "31"]
[EventDate "2019.12.27"]
[EventType "team-tourn"]
[EventRounds "7"]
[EventCountry "GER"]
[SourceTitle "playchess.com"]
[Source "ChessBase"]
[SourceQuality "1"]
[WhiteTeam "SG Solingen"]
[BlackTeam "Schachzentrum Seeblick"]
[TimeControl "40/5400+30:1800+30"]

1. e4 c6 2. d4 d5 3. e5 Bf5 {unterminated} 4. Nd2 Qc7 5. Nb3 {unterminated} e6 6. Nf3 {unterminated} c5 $11 7. dxc5 Bxc5 8. Bb5+ Nd7 9. Bxd7+ Kxd7 10. Nxc5+ Qxc5 11. Nd4 Bg6 12. O-O Ne7 13. Be3 Qc7 14. Qe2 Nc6 15. Nb5 Qxe5 16. c4 {normal} 1/2-1/2

[Event "DVM U20w 2019"]
[Site "Braunschweig"]
[Date "2019.12.30"]
[Round "7"]
[White "Schumann, Rabea"]
[Black "Möller, Lisa-Marie"]
[Result "1/2-1/2"]
[ECO "A20"]
[WhiteElo "1873"]
[BlackElo "1934"]
[Annotator "NA"]
[PlyCount "90"]
[EventDate "2019.12.27"]
[EventType "team-tourn"]
[EventRounds "7"]
[EventCountry "GER"]
[SourceTitle "playchess.com"]
[Source "ChessBase"]
[SourceQuality "1"]
[WhiteTeam "SG Güstrow/Teterow"]
[BlackTeam "Düsseldorfer SK"]
[TimeControl "40/5400+30:1800+30"]

1. c4 e5 2. g3 Nf6 3. Bg2 d5 4. cxd5 Nxd5 5. Nc3 Nb6 6. Nf3 Nc6 7. O-O Be7 8. a3 O-O 9. d3 Re8 10. Be3 {[%emt 0:00:59] unterminated} Bf8 {[%emt 0:00:54] unterminated} 11. Rc1 $11 f6 12. Nd2 Nd4 13. Nce4 Nf5 14. Bc5 Bxc5 15. Nxc5 Rb8 16. Ndb3 Nd4 17. Na5 c6 18. e3 Ne6 19. Qb3 Qd6 20. Ne4 Qe7 21. Rfd1 Kh8 22. Nc4 Nxc4 23. Qxc4 Nc7 24. d4 exd4 25. Rxd4 Nb5 26. Rd2 Be6 27. Qc5 Bd5 28. Qxe7 Rxe7 29. Nc3 Nxc3 30. Rxc3 Be6 31. Rcd3 Kg8 32. Rd6 Kf7 33. Kf1 Ree8 34. Ke2 Ke7 35. R6d4 Rbd8 36. Rxd8 Rxd8 37. Rxd8 Kxd8 38. Kd3 Kd7 39. Be4 h6 40. Kc3 Kd6 41. f4 a5 42. Bf3 b6 43. Be2 Kc5 44. Bf1 Bd5 45. Bd3 a4 {[%emt 0:02:26] normal} 1/2-1/2

[Event "DVM U20w 2019"]
[Site "Braunschweig"]
[Date "2019.12.30"]
[Round "7"]
[White "Brunner, Sophia"]
[Black "Rempe, Janne"]
[Result "1-0"]
[ECO "A00"]
[WhiteElo "1852"]
[BlackElo "1559"]
[Annotator "NA"]
[PlyCount "59"]
[EventDate "2019.12.27"]
[EventType "team-tourn"]
[EventRounds "7"]
[EventCountry "GER"]
[SourceTitle "playchess.com"]
[Source "ChessBase"]
[SourceQuality "1"]
[WhiteTeam "SK Nordhorn-Blanke"]
[BlackTeam "SK Doppelbauer Kiel"]
[TimeControl "40/5400+30:1800+30"]

1. b4 d6 2. Bb2 e5 {[%emt 0:00:37] unterminated} 3. c4 {[%emt 0:01:15] unterminated} Nd7 4. Nf3 Ngf6 {[%emt 0:00:57] unterminated} 5. e3 {[%emt 0:01:04] unterminated} c6 {[%emt 0:01:01] unterminated} 6. Nc3 {[%emt 0:08:26] unterminated} Be7 {[%emt 0:03:34] unterminated} 7. Qc2 {[%emt 0:03:25] unterminated} O-O {[%emt 0:01:35] unterminated} 8. a3 Re8 {[%emt 0:01:36] unterminated} 9. d4 Qc7 {[%emt 0:01:44] unterminated} 10. Bd3 {[%emt 0:13:03] unterminated} Nf8 {[%emt 0:06:32] unterminated} 11. h3 {[%emt 0:15:10] unterminated} exd4 {[%emt 0:02:28] unterminated} 12. Nxd4 Bd7 {[%emt 0:01:01] unterminated} 13. O-O {[%emt 0:00:55] unterminated} Rad8 {[%emt 0:00:46] unterminated} 14. Nf5 {[%emt 0:05:51] unterminated} Qc8 $16 (14... Bxf5 $14 15. Bxf5 N8d7) 15. Ne4 Qc7 16. Nxe7+ Rxe7 17. Nxf6+ gxf6 18. Bxf6 Ree8 19. Bxd8 Qxd8 20. Bf5 Qg5 21. Bxd7 Nxd7 22. Rad1 Re6 23. Rd4 h5 24. f4 Qg3 25. Qf2 Qg7 26. Rfd1 Nb6 {[%emt 0:03:02] normal} 27. Rxd6 Rxd6 28. Rxd6 Qf8 29. Qg3+ Kh8 {[%emt 0:00:36] normal} 30. Rd4 {[%emt 0:02:39] normal} 1-0

[Event "DVM U20w 2019"]
[Site "Braunschweig"]
[Date "2019.12.30"]
[Round "7"]
[White "Hartmann, Cora"]
[Black "Margaryan, Venera"]
[Result "1-0"]
[ECO "C00"]
[WhiteElo "1842"]
[BlackElo "1383"]
[Annotator "NA"]
[PlyCount "33"]
[EventDate "2019.12.27"]
[EventType "team-tourn"]
[EventRounds "7"]
[EventCountry "GER"]
[SourceTitle "playchess.com"]
[Source "ChessBase"]
[SourceQuality "1"]
[WhiteTeam "SC Borussia Lichtenberg"]
[BlackTeam "SK Lehrte 1919"]
[BlackTeamCountry "GER"]
[TimeControl "40/5400+30:1800+30"]

1. e4 e6 2. d3 d5 3. Nd2 c5 4. Ngf3 Nf6 5. g3 Nc6 6. Bg2 g6 7. O-O Bg7 8. Re1 O-O 9. Qe2 Re8 10. c3 b6 11. Nf1 Ba6 12. Qc2 dxe4 13. dxe4 Bd3 14. Qa4 b5 15. Qa6 Qc7 16. N3d2 Ne5 17. f4 {[%emt 0:05:21] normal} 1-0

[Event "DVM U20w 2019"]
[Site "Braunschweig"]
[Date "2019.12.30"]
[Round "7"]
[White "Möller, Hannah"]
[Black "Visvikis, Kassandra"]
[Result "1-0"]
[ECO "A05"]
[WhiteElo "1832"]
[BlackElo "1568"]
[Annotator "NA RC"]
[PlyCount "29"]
[EventDate "2019.12.27"]
[EventType "team-tourn"]
[EventRounds "7"]
[EventCountry "GER"]
[SourceTitle "playchess.com"]
[Source "ChessBase"]
[SourceQuality "1"]
[WhiteTeam "SV Lingen"]
[BlackTeam "OSG Baden-Baden"]
[TimeControl "40/5400+30:1800+30"]

1. Nf3 Nf6 2. g3 d5 3. Bg2 Bf5 4. d4 e6 5. O-O c5 6. c4 Nc6 7. Nc3 h6 8. cxd5 Nxd5 9. Nxd5 Qxd5 10. Qa4 Be4 11. dxc5 O-O-O 12. Be3 Qf5 13. Nh4 Bc2 14. Qb5 Qf6 15. Bxc6 {[%emt 0:02:36] normal} 1-0

[Event "DVM U20w 2019"]
[Site "Braunschweig"]
[Date "2019.12.30"]
[Round "7"]
[White "Meijerink, Inken"]
[Black "Birner, Lucy Jasmin"]
[Result "1-0"]
[ECO "A21"]
[WhiteElo "1743"]
[BlackElo "1611"]
[Annotator "NA"]
[PlyCount "75"]
[EventDate "2019.12.27"]
[EventType "team-tourn"]
[EventRounds "7"]
[EventCountry "GER"]
[SourceTitle "playchess.com"]
[Source "ChessBase"]
[SourceQuality "1"]
[WhiteTeam "SK Nordhorn-Blanke"]
[BlackTeam "SK Doppelbauer Kiel"]
[TimeControl "40/5400+30:1800+30"]

1. c4 e5 2. Nc3 Bc5 3. Nf3 Nc6 4. g3 d6 5. Bg2 Bf5 6. O-O Nge7 7. d3 h6 8. Ne1 O-O 9. Nc2 a6 10. a3 Rb8 11. b4 Ba7 12. a4 Nd4 13. Rb1 Nxc2 14. Qxc2 Qd7 15. b5 a5 16. Bd2 Bc5 17. Ne4 Bb6 18. Rfc1 Bxe4 19. Bxe4 Ng6 20. e3 c5 21. bxc6 bxc6 22. Bc3 f5 23. Bg2 d5 24. Qa2 e4 25. dxe4 fxe4 26. cxd5 cxd5 27. Bxe4 Ne7 28. Rb5 Kh8 29. Bxd5 Nxd5 30. Qxd5 Qxd5 31. Rxd5 Ra8 32. Rb1 Bd8 33. Rbb5 Kh7 34. e4 Re8 35. Rd7 Rxe4 36. Rxg7+ {[%emt 0:00:12] normal} Kh8 37. Rg4+ {[%emt 0:00:45] normal} Kh7 38. Rxe4 {[%emt 0:00:07] normal} 1-0

[Event "DVM U20w 2019"]
[Site "Braunschweig"]
[Date "2019.12.30"]
[Round "7"]
[White "Kiesel, Lara"]
[Black "Wiesner, Paula"]
[Result "0-1"]
[ECO "C16"]
[WhiteElo "1732"]
[BlackElo "1955"]
[Annotator "NA"]
[PlyCount "29"]
[EventDate "2019.12.27"]
[EventType "team-tourn"]
[EventRounds "7"]
[EventCountry "GER"]
[SourceTitle "playchess.com"]
[Source "ChessBase"]
[SourceQuality "1"]
[WhiteTeam "SK Lehrte 1919"]
[BlackTeam "SC Borussia Lichtenberg"]
[TimeControl "40/5400+30:1800+30"]

1. e4 e6 2. d4 d5 3. Nc3 Bb4 4. e5 Ne7 5. f4 b6 6. Nf3 c5 7. a3 Bxc3+ 8. bxc3 Nf5 9. Bd3 Ba6 10. Bxa6 Nxa6 11. Qe2 Nb8 12. Qf2 cxd4 13. cxd4 h5 14. a4 Nc6 15. Ba3 {[%emt 0:09:01] normal} 0-1

[Event "DVM U20w 2019"]
[Site "Braunschweig"]
[Date "2019.12.30"]
[Round "7"]
[White "Peglau, Charis"]
[Black "Berelowitsch, Dana"]
[Result "0-1"]
[ECO "B39"]
[WhiteElo "1728"]
[BlackElo "1792"]
[Annotator "NA"]
[PlyCount "38"]
[EventDate "2019.12.27"]
[EventType "team-tourn"]
[EventRounds "7"]
[EventCountry "GER"]
[SourceTitle "playchess.com"]
[Source "ChessBase"]
[SourceQuality "1"]
[WhiteTeam "Schachzentrum Seeblick"]
[BlackTeam "SG Solingen"]
[TimeControl "40/5400+30:1800+30"]

1. e4 c5 2. Nf3 g6 3. d4 cxd4 4. Nxd4 Bg7 5. c4 Nc6 6. Be3 Nf6 7. Nc3 Ng4 8. Nxc6 Nxe3 9. Nxd8 Nxd1 10. Nxd1 Kxd8 11. Rc1 d6 12. c5 dxc5 13. Rxc5 Be6 14. b3 Rc8 15. Rxc8+ Kxc8 16. g3 Kb8 17. f4 Bd4 18. Be2 Rc8 19. Kd2 Bh3 {[%emt 0:12:07] normal} 0-1

[Event "DVM U20w 2019"]
[Site "Braunschweig"]
[Date "2019.12.30"]
[Round "7"]
[White "Sereda, Yaroslava"]
[Black "Peglau, Dora"]
[Result "1-0"]
[ECO "C10"]
[WhiteElo "1726"]
[BlackElo "1502"]
[Annotator "NA"]
[PlyCount "27"]
[EventDate "2019.12.27"]
[EventType "team-tourn"]
[EventRounds "7"]
[EventCountry "GER"]
[SourceTitle "playchess.com"]
[Source "ChessBase"]
[SourceQuality "1"]
[WhiteTeam "SG Solingen"]
[BlackTeam "Schachzentrum Seeblick"]
[TimeControl "40/5400+30:1800+30"]

1. e4 e6 2. d4 d5 3. Nd2 dxe4 4. Nxe4 Bd7 5. Nf3 Bc6 6. Bd3 Nd7 7. O-O Ngf6 8. Nxf6+ Qxf6 9. Be2 Bd6 10. c4 O-O 11. d5 exd5 12. cxd5 Bxd5 13. Qxd5 c6 14. Qb3 {[%emt 0:05:34] normal} 1-0

[Event "DVM U20w 2019"]
[Site "Braunschweig"]
[Date "2019.12.30"]
[Round "7"]
[White "Rudolph, Eva"]
[Black "Joers, Pia-Milena"]
[Result "1-0"]
[ECO "B19"]
[WhiteElo "1711"]
[BlackElo "1646"]
[Annotator "NA"]
[PlyCount "42"]
[EventDate "2019.12.27"]
[EventType "team-tourn"]
[EventRounds "7"]
[EventCountry "GER"]
[SourceTitle "playchess.com"]
[Source "ChessBase"]
[SourceQuality "1"]
[WhiteTeam "Düsseldorfer SK"]
[BlackTeam "SG Güstrow/Teterow"]
[TimeControl "40/5400+30:1800+30"]

1. e4 c6 2. d4 d5 3. Nc3 dxe4 4. Nxe4 Bf5 5. Ng3 Bg6 6. h4 h6 7. Nf3 Nd7 8. h5 Bh7 9. Bd3 Bxd3 10. Qxd3 e6 11. Bd2 Ngf6 12. O-O-O Qc7 13. Ne4 Nxe4 14. Qxe4 Nf6 15. Qe2 O-O-O 16. g3 Bd6 17. Kb1 Rhe8 18. c4 c5 19. Bc3 Kb8 20. Rc1 Qb6 21. Qe1 Qc7 {[%emt 0:04:26] normal} 1-0

[Event "DVM U20w 2019"]
[Site "Braunschweig"]
[Date "2019.12.30"]
[Round "7"]
[White "Doll, Rebecca"]
[Black "Moenster, Madita"]
[Result "1/2-1/2"]
[ECO "B22"]
[WhiteElo "1659"]
[BlackElo "1956"]
[Annotator "NA"]
[PlyCount "27"]
[EventDate "2019.12.27"]
[EventType "team-tourn"]
[EventRounds "7"]
[EventCountry "GER"]
[SourceTitle "playchess.com"]
[Source "ChessBase"]
[SourceQuality "1"]
[WhiteTeam "OSG Baden-Baden"]
[BlackTeam "SV Lingen"]
[TimeControl "40/5400+30:1800+30"]

1. e4 c5 2. c3 Nf6 3. e5 Nd5 4. d4 {[%emt 0:00:04] unterminated} cxd4 5. cxd4 g6 (5... d6 $11) 6. Nf3 Bg7 7. Bc4 Nb6 8. Bb3 O-O 9. O-O Nc6 {[%emt 0:00:19] unterminated} 10. Nc3 $11 d6 11. Bf4 Bg4 12. Re1 dxe5 13. dxe5 Qb8 14. Nd5 {[%emt 0:11:42] normal} 1/2-1/2

[Event "DVM U20w 2019"]
[Site "Braunschweig"]
[Date "2019.12.30"]
[Round "7"]
[White "Schmidt, Pauline"]
[Black "Schilay, Maria"]
[Result "0-1"]
[ECO "C70"]
[WhiteElo "1628"]
[BlackElo "1450"]
[Annotator "NA"]
[PlyCount "29"]
[EventDate "2019.12.27"]
[EventType "team-tourn"]
[EventRounds "7"]
[EventCountry "GER"]
[SourceTitle "playchess.com"]
[Source "ChessBase"]
[SourceQuality "1"]
[WhiteTeam "SG Blau-Weiß Stadtilm"]
[BlackTeam "SC Erlangen 48/88"]
[TimeControl "40/5400+30:1800+30"]

1. e4 e5 2. Nf3 Nc6 3. Bb5 a6 4. Ba4 b5 5. Bb3 Bc5 6. c3 d6 7. h3 Nf6 8. Bc2 O-O 9. O-O Re8 10. d4 exd4 11. cxd4 Bb6 12. d5 Nb4 13. Re1 Nxc2 14. Qxc2 Bb7 15. Bg5 {[%emt 0:02:29] normal} 0-1

[Event "DVM U20w 2019"]
[Site "Braunschweig"]
[Date "2019.12.30"]
[Round "7"]
[White "Pavlov, Liliane"]
[Black "Schnabel, Luise"]
[Result "0-1"]
[ECO "E63"]
[WhiteElo "1623"]
[BlackElo "1836"]
[Annotator "NA"]
[PlyCount "37"]
[EventDate "2019.12.27"]
[EventType "team-tourn"]
[EventRounds "7"]
[EventCountry "GER"]
[SourceTitle "playchess.com"]
[Source "ChessBase"]
[SourceQuality "1"]
[WhiteTeam "SC Bavaria Regensburg"]
[BlackTeam "TuRa Harksheide Norderstedt"]
[TimeControl "40/5400+30:1800+30"]

1. d4 Nf6 2. c4 g6 3. Nf3 Bg7 4. g3 O-O 5. Bg2 d6 6. O-O {[%emt 0:00:34] unterminated} Nc6 7. Nc3 a6 {[%emt 0:00:52] unterminated} 8. e4 $14 Bg4 9. h3 Bxf3 10. Bxf3 e5 11. d5 Nd4 12. Bg2 Nd7 13. Ne2 c5 14. Nxd4 exd4 15. Rb1 b5 16. b3 Rb8 17. Bd2 Qc7 18. Qc2 Rb7 19. f4 {[%emt 0:01:47] normal} 0-1

[Event "DVM U20w 2019"]
[Site "Braunschweig"]
[Date "2019.12.30"]
[Round "7"]
[White "Rempe, Mieke"]
[Black "Fock, Amina"]
[Result "0-1"]
[ECO "B90"]
[WhiteElo "1619"]
[BlackElo "1807"]
[Annotator "NA"]
[PlyCount "60"]
[EventDate "2019.12.27"]
[EventType "team-tourn"]
[EventRounds "7"]
[EventCountry "GER"]
[SourceTitle "playchess.com"]
[Source "ChessBase"]
[SourceQuality "1"]
[WhiteTeam "SK Doppelbauer Kiel"]
[BlackTeam "SK Nordhorn-Blanke"]
[TimeControl "40/5400+30:1800+30"]

1. e4 c5 2. Nf3 d6 3. d4 cxd4 4. Nxd4 Nf6 {[%emt 0:00:00] unterminated} 5. Nc3 a6 {[%emt 0:00:00] unterminated} 6. Be3 e5 {[%emt 0:00:04] unterminated} 7. Nf3 {[%emt 0:01:44] unterminated} Be7 8. Qd2 {[%emt 0:00:45] unterminated B90: Sicilian Najdorf: Unusual White 6th moves, 6 Be3 Ng4 and 6 Be3 e5} (8. Bc4 O-O 9. O-O Nc6 10. Re1 Be6 11. Nd5 Bxd5 12. exd5 b5 13. Bf1 Nb4 14. c4 bxc4 15. Bxc4 Qc7 16. Rc1 Qb7 17. Bg5 Nbxd5 {1-0 (29) Anand,V (2756)-Giri,A (2779) Amsterdam 2019}) 8... Ng4 $146 ({Predecessor:} 8... h6 9. O-O-O Be6 10. Be2 Qc7 11. h3 Nbd7 12. g4 b5 13. Nd5 Bxd5 14. exd5 Nb6 15. Nxe5 Nbxd5 {0-1 (38) Sarian,G (1452)-Leithoff,H (1527) Willingen 2019}) 9. Nd5 Nxe3 10. Qxe3 Nd7 11. O-O-O Nc5 12. Nxe5 dxe5 13. Nf6+ gxf6 14. Rxd8+ Kxd8 {[%emt 0:00:04] unterminated} 15. Bc4 {[%emt 0:05:03] unterminated} Be6 {[%emt 0:01:34] unterminated} 16. Rd1+ {[%emt 0:02:31] unterminated} Kc7 {[%emt 0:02:14] unterminated} 17. Bxe6 {[%emt 0:01:59] unterminated} fxe6 18. Qc3 a5 {[%emt 0:00:38] unterminated} 19. g4 $17 {[%emt 0:04:49] unterminated} b5 {[%emt 0:05:09] unterminated} 20. f3 b4 21. Qc4 Kb6 22. a4 bxa3 23. bxa3 a4 24. Qb4+ Kc6 25. Qc4 Rhb8 26. Rd3 Rb5 27. Rc3 Kb6 28. Qe2 Rc8 29. Rc4 Rd8 30. Qe3 Kb7 {[%emt 0:01:04] normal} 0-1

[Event "DVM U20w 2019"]
[Site "Braunschweig"]
[Date "2019.12.30"]
[Round "7"]
[White "Puls, Luisa"]
[Black "Sokolowski, Judith"]
[Result "0-1"]
[ECO "B40"]
[WhiteElo "1551"]
[BlackElo "1722"]
[Annotator "NA"]
[PlyCount "94"]
[EventDate "2019.12.27"]
[EventType "team-tourn"]
[EventRounds "7"]
[EventCountry "GER"]
[SourceTitle "playchess.com"]
[Source "ChessBase"]
[SourceQuality "1"]
[WhiteTeam "SG Güstrow/Teterow"]
[BlackTeam "Düsseldorfer SK"]
[TimeControl "40/5400+30:1800+30"]

1. e4 c5 2. Nf3 e6 3. d4 cxd4 4. Nxd4 Nf6 5. Nc3 Nc6 6. Ndb5 Bb4 7. a3 Bxc3+ 8. Nxc3 d5 9. exd5 Nxd5 10. Nxd5 exd5 11. Bd3 Qe7+ 12. Qe2 Qxe2+ 13. Kxe2 Ne5 14. Be3 Nxd3 15. Kxd3 Bf5+ 16. Kd2 Rc8 17. c3 a6 18. Rhe1 Kd7 19. Rad1 Rhe8 20. Kc1 Kc6 21. Re2 Be4 22. f3 Bg6 23. Kd2 f6 24. Rde1 b5 25. Bf2 Rxe2+ 26. Rxe2 Kd7 27. Ke3 a5 28. Rd2 Re8+ 29. Kd4 Kc6 30. b3 Re7 31. Bg3 Bf5 32. Bf2 h5 33. h4 g5 34. hxg5 fxg5 35. g3 g4 36. f4 Re4+ 37. Kd3 Rxf4+ 38. Ke2 Rf3 39. b4 axb4 40. cxb4 Rxa3 41. Rd4 Be4 42. Kd2 Rf3 43. Ke2 Kd7 44. Ke1 Ke6 45. Ke2 Ke5 46. Rd2 Rb3 47. Be1 d4 {[%emt 0:05:22] normal} 0-1

[Event "DVM U20w 2019"]
[Site "Braunschweig"]
[Date "2019.12.30"]
[Round "7"]
[White "Adelhardt, Lisa"]
[Black "Ziegenfuss, Larissa"]
[Result "0-1"]
[ECO "B48"]
[WhiteElo "1418"]
[BlackElo "1755"]
[Annotator "NA"]
[PlyCount "29"]
[EventDate "2019.12.27"]
[EventType "team-tourn"]
[EventRounds "7"]
[EventCountry "GER"]
[SourceTitle "playchess.com"]
[Source "ChessBase"]
[SourceQuality "1"]
[WhiteTeam "SC Erlangen 48/88"]
[BlackTeam "SG Blau-Weiß Stadtilm"]
[TimeControl "40/5400+30:1800+30"]

1. e4 c5 2. Nc3 e6 3. Nf3 Nc6 4. d4 cxd4 5. Nxd4 Qc7 6. Be3 Nf6 7. a3 Be7 8. Be2 a6 9. O-O O-O 10. f4 d6 11. Kh1 Rb8 12. Qe1 b5 13. Bd3 Ng4 14. Bg1 Nxd4 15. Bxd4 {[%emt 0:01:32] normal} 0-1

[Event "DVM U20w 2019"]
[Site "Braunschweig"]
[Date "2019.12.30"]
[Round "7"]
[White "Malinowsky, Celina"]
[Black "Hallfarth, Luise"]
[Result "0-1"]
[ECO "B24"]
[WhiteElo "1293"]
[BlackElo "1517"]
[Annotator "NA"]
[PlyCount "49"]
[EventDate "2019.12.27"]
[EventType "team-tourn"]
[EventRounds "7"]
[EventCountry "GER"]
[SourceTitle "playchess.com"]
[Source "ChessBase"]
[SourceQuality "1"]
[WhiteTeam "SK Doppelbauer Kiel"]
[BlackTeam "SK Nordhorn-Blanke"]
[TimeControl "40/5400+30:1800+30"]

1. e4 c5 2. Nc3 Nc6 3. Bc4 g6 4. d3 Bg7 5. a3 e6 6. f4 Nge7 7. Nf3 O-O 8. O-O d5 9. Ba2 b6 10. Qe1 Ba6 11. Qg3 dxe4 12. Nxe4 Nd4 13. Nxd4 Bxd4+ 14. Kh1 Nf5 15. Qe1 Rc8 16. c3 Bg7 17. Rf2 Qxd3 18. Rd2 Qb5 19. Ng5 Rfe8 20. Bb1 Rcd8 21. Bxf5 Rxd2 22. Bxd2 exf5 23. Qc1 Re2 24. Nf3 Bb7 25. Qf1 {[%emt 0:01:56] normal} 0-1

[Event "DVM U20w 2019"]
[Site "Braunschweig"]
[Date "2019.12.30"]
[Round "7"]
[White "Wilhelm, Anna-Lena"]
[Black "Strobel, Miriam"]
[Result "1-0"]
[ECO "C42"]
[WhiteElo "1291"]
[BlackElo "1299"]
[Annotator "NA"]
[PlyCount "30"]
[EventDate "2019.12.27"]
[EventType "team-tourn"]
[EventRounds "7"]
[EventCountry "GER"]
[SourceTitle "playchess.com"]
[Source "ChessBase"]
[SourceQuality "1"]
[WhiteTeam "SG Blau-Weiß Stadtilm"]
[BlackTeam "SC Erlangen 48/88"]
[TimeControl "40/5400+30:1800+30"]

1. e4 e5 2. Nf3 Nf6 3. Nxe5 d6 4. Nf3 Nxe4 5. Nc3 Nxc3 6. dxc3 Bf5 7. Be3 Nc6 8. Bd3 Be6 9. Qe2 Qd7 10. O-O-O O-O-O 11. Bb5 a6 12. Ne5 Qe8 13. Nxc6 bxc6 14. Bxa6+ Kd7 15. Bc5 Ra8 {[%emt 0:08:55] normal} 1-0

[Event "DVM U20w 2019"]
[Site "Braunschweig"]
[Date "2019.12.30"]
[Round "7"]
[White "Kessen, Fanny"]
[Black "Daoud, Shahnaz"]
[Result "1-0"]
[ECO "C01"]
[WhiteElo "1265"]
[BlackElo "1000"]
[Annotator "NA"]
[PlyCount "35"]
[EventDate "2019.12.27"]
[EventType "team-tourn"]
[EventRounds "7"]
[EventCountry "GER"]
[SourceTitle "playchess.com"]
[Source "ChessBase"]
[SourceQuality "1"]
[WhiteTeam "SC Borussia Lichtenberg"]
[BlackTeam "SK Lehrte 1919"]
[TimeControl "40/5400+30:1800+30"]

1. e4 e6 2. d4 d5 3. exd5 exd5 4. Nf3 Bg4 5. h3 Bxf3 6. Qxf3 c6 7. Be3 Nd7 8. Bd3 f6 9. O-O Bd6 10. Re1 Ne7 11. Qh5+ g6 12. Qh6 Qc7 13. Bd2 O-O-O 14. Qe3 h5 15. Qf3 g5 16. Nc3 h4 17. a3 Rdf8 18. Bf5 {[%emt 0:02:44] normal} 1-0

[Event "DVM U20w 2019"]
[Site "Braunschweig"]
[Date "2019.12.30"]
[Round "7"]
[White "Nanthivarman, Merymuthu"]
[Black "Danilova, Sofia"]
[Result "0-1"]
[ECO "B06"]
[WhiteElo "1260"]
[BlackElo "980"]
[Annotator "NA"]
[PlyCount "50"]
[EventDate "2019.12.27"]
[EventType "team-tourn"]
[EventRounds "7"]
[EventCountry "GER"]
[SourceTitle "playchess.com"]
[Source "ChessBase"]
[SourceQuality "1"]
[WhiteTeam "OSG Baden-Baden"]
[BlackTeam "SV Lingen"]
[TimeControl "40/5400+30:1800+30"]

1. e4 g6 2. d4 Nf6 3. Nc3 c6 4. f4 d5 5. e5 Ne4 6. Nf3 Bf5 7. Bd3 e6 8. Qe2 Bb4 9. Bd2 Nxd2 10. Qxd2 Bxd3 11. Qxd3 Nd7 12. O-O-O a6 13. Na4 b5 14. a3 Be7 15. Nc3 a5 16. Na2 b4 17. axb4 axb4 18. Kb1 Qa5 19. Qb3 c5 20. c4 cxd4 21. cxd5 Nc5 22. Qxb4 Qxa2+ 23. Kc2 Rc8 24. Qb5+ Nd7+ 25. Kd3 Rb8 {[%emt 0:02:28] normal} 0-1